 Dungeon Crawl Stone Soup version 0.26.1-11-gd32895ea62 (webtiles) character file.

Game seed: 5446282050266312649

128 moonlapse the Skirmisher (level 4, -9/41 HPs)
             Began as a Draconian Brigand on Apr 12, 2021.
             Killed by divine providence
             ... invoked by an orc priest
              (14 damage)
             ... on level 3 of the Dungeon.
             The game lasted 00:03:30 (2020 turns).

moonlapse the Skirmisher (Draconian Brigand)        Turns: 2020, Time: 00:03:31

Health: -9/41      AC:  7    Str: 13    XL:     4   Next: 86%
Magic:  4/4        EV: 11    Int: 12    God:
Gold:   97         SH:  0    Dex: 13    Spells: 3/3 levels left

rFire    . . .     SeeInvis .   e - +0 battleaxe
rCold    . . .     Faith    .   (shield currently unavailable)
rNeg     . . .     Spirit   .   (armour unavailable)
rPois    .         Reflect  .   (helmet restricted)
rElec    .         Harm     .   b - +1 cloak
rCorr    .         Rampage  .   (no gloves)
Will     .....                  (no boots)
Stlth    ++........             (no amulet)
HPRegen  0.13/turn              (no ring)
MPRegen  0.09/turn              (no ring)

@: no status effects
A: unfitting armour, cold-blooded, AC +5
a: no special abilities


You were on level 3 of the Dungeon.
You visited 1 branch of the dungeon, and saw 3 of its levels.

You collected 97 gold pieces.


Innate Abilities, Weirdness & Mutations

Your plain brown scales are hard. (AC +5)
You cannot fit into any form of body armour.
You are cold-blooded and may be slowed by cold attacks.


   Skills:
 - Level 4.6 Fighting
 - Level 2.0 Short Blades
 + Level 2.5 Axes
 - Level 1.7 Throwing
 - Level 0.8 Dodging
 - Level 3.6 Stealth


You had 3 spell levels left.
You didn't know any spells.
Your spell library contained the following spells:

 Spells                   Type           Power        Failure   Level
 Confusing Touch          Hex            0%           69%         3
 Gell's Gravitas          Tloc           0%           69%         3
 Petrify                  Tmut/Erth      0%           97%         4
 Metabolic Englaciation   Hex/Ice        0%           100%        5
 Yara's Violent Unravell  Hex/Tmut       0%           100%        5

Inventory:

Hand Weapons
 a - a +3 dagger
 e - a +0 battleaxe (weapon)
Missiles
 c - 25 poisoned darts (quivered)
 d - 2 curare-tipped darts {=f}
 l - 7 javelins
Armour
 b - a +1 cloak (worn)
Scrolls
 h - a scroll of blinking
 j - a scroll of teleportation {@r4}
Potions
 f - a potion of ambrosia {unknown}
 g - a potion of lignification
 i - a potion of brilliance
 k - 2 potions of might
 m - a potion of mutation {unknown}

Dungeon Overview and Level Annotations

Branches:
Dungeon (3/15)

Altars:
Ashenzari
Qazlal
Vehumet

. ...§○○...# :#
..##..§.[#.##.#
...$...##.##.#
.....##.##!#
..####..##..#.#
..........?#..#
..####†)##....# .##
#).##...o##.....
##†##...@o....#
#.#####.##...####..#
#......<.....# #
..#####.###...(
........# #####
##..###.# #####..#
#.# .......###.##
.####..##...########


You could see an orc priest and an orc.


Message History

An orc comes into view. It is wielding a +0 club.
The giant cockroach closely misses you.
The orc throws a boomerang.
The boomerang hits you but does no damage.
The weapon returns to the orc!
You slash the giant cockroach!
You kill the giant cockroach!
You hit the orc.
Your tail-slap misses the orc.
The orc is moderately wounded.
The orc hits you with a +0 flail. The orc barely misses you.
The orc priest closely misses you.
You hit the orc.
You kill the orc!
You hit the orc priest.
The orc priest looks braver for a moment.
You slash the orc priest!
You kill the orc priest!
You closely miss the orc.
The orc priest mumbles some strange prayers to Beogh against you.
Beogh smites you! The orc hits you with a +0 club. x2
* * * LOW HITPOINT WARNING * * *
Your Axes skill increases to level 2!
The orc priest calls down the wrath of Beogh upon you.
Beogh smites you!
* * * LOW HITPOINT WARNING * * *
You barely miss the orc priest. You hit the orc but do no damage.
The orc hits you but does no damage. The orc priest closely misses you.
The orc barely misses you.
The orc priest mumbles some strange prayers to Beogh against you.
Beogh smites you!
You die...

Skill      XL: |  1  2  3  4 |
---------------+-------------+-----
Fighting       | 3 4 |  4.6
Axes           | 2 |  2.5
Short Blades   | |  2.0
Throwing       | |  1.7
Dodging        | |  0.8
Stealth        | |  3.6

Action                   |  1- 3 |  4- 6 || total
-------------------------+-------+-------++-------
Melee: Dagger            |   104 |       ||   104
       Tailslap          |    16 |       ||    16
       Battleaxe         |    10 |    19 ||    29
  Use: Scroll            |    10 |       ||    10
 Stab: Sleeping          |    10 |       ||    10
Armor: Skin              |    32 |     9 ||    41
Dodge: Dodged            |    57 |    27 ||    84

Levels and vault maps discovered:
D:1:      nicolae_arrival_washed_ashore, layout_basic
D:2:      layout_loops_ring, nicolae_overflow_hidden_temple, grunt_qazlal_clouds
D:3:      layout_loops_ring, fiery_altar_vehumet, general_overflow_altar

Notes
Turn   | Place    | Note
-------+----------+-------------------------------------------
     0 | D:1      | moonlapse the Draconian Brigand began the quest for the
                  | Orb.
     0 | D:1      | Reached XP level 1. HP: 17/17 MP: 1/1
   112 | D:1      | Reached skill level 3 in Fighting
   115 | D:1      | Reached XP level 2. HP: 19/26 MP: 2/2
   527 | D:1      | Reached XP level 3. HP: 33/33 MP: 3/3
   698 | D:1      | Reached skill level 4 in Fighting
   887 | D:2      | Found a stormy altar of Qazlal.
  1769 | D:2      | Found a broken altar of Ashenzari.
  1878 | D:3      | Reached XP level 4. HP: 32/41 MP: 4/4
  1880 | D:3      | Reached skill level 1 in Axes
  2007 | D:3      | Found a radiant altar of Vehumet.
  2019 | D:3      | Reached skill level 2 in Axes
  2020 | D:3      | Killed from afar by an orc priest

Vanquished Creatures
  An orc priest (D:3)
  A gnoll (D:1)
  An adder (D:3)
  A white imp (D:2)
  An ooze (D:3)
  A worm (D:2)
  A dart slug (D:1)
  2 leopard geckos
  6 orcs (D:3)
  2 ball pythons (D:1)
  3 giant cockroaches
  4 goblins
  8 hobgoblins
  4 jackals (D:1)
  A quokka (D:2)
  2 bats
  A frilled lizard (D:1)
  6 kobolds
  9 rats
55 creatures vanquished.

Vanquished Creatures (others)
  An adder (D:3)
  A dart slug (D:3)
  An orc (D:3)
3 creatures vanquished.

Grand Total: 58 creatures vanquished

Table legend: (Time is in decaauts)
 A = Elapsed time spent in this place.
 B = Non-inter-level travel time spent in this place.
 C = Inter-level travel time spent in this place.
 D = Time resting spent in this place.
 E = Time spent auto-exploring this place.
 F = Levels seen in this place.
 G = Mean time per level.
                   A        B        C        D        E       F      G
               +--------+--------+--------+--------+--------+-----+--------+
         Total |   2027 |   1963 |     64 |      0 |   1608 |   3 |  675.7 |
       Dungeon |   2027 |   1963 |     64 |      0 |   1608 |   3 |  675.7 |
               +--------+--------+--------+--------+--------+-----+--------+

Top non-repeatable levels by time:
     D:2: 960 daAuts
     D:1: 839 daAuts
     D:3: 228 daAuts

Table legend:
 A = Non-vault XP
 B = Vault XP
 C = Vault XP percentage of total XP
 D = Non-vault monster count
 E = Vault monster count
 F = Vault count percentage of total count
                 A         B        C        D         E       F
            +---------+---------+-------+---------+---------+-------
      Total |     183 |       0 |   0.0 |      55 |       0 |   0.0
            +---------+---------+-------+---------+---------+-------
        D:1 |      46 |       0 |   0.0 |      20 |       0 |   0.0
        D:2 |      38 |       0 |   0.0 |      16 |       0 |   0.0
        D:3 |      99 |       0 |   0.0 |      19 |       0 |   0.0
            +---------+---------+-------+---------+---------+-------
